 Dungeon Crawl Stone Soup version 0.18.1-8-gdd0e5ea (webtiles) character file.

146 protoss039 the Covered (level 5, -6/47 HPs)
             Began as a Minotaur Fighter on June 11, 2016.
             Killed from afar by an orc wizard (11 damage)
             ... with a puff of flame
             ... on level 3 of the Dungeon.
             The game lasted 00:02:26 (1930 turns).

protoss039 the Covered (Minotaur Fighter)           Turns: 1930, Time: 00:02:26

Health: -6/47      AC: 12    Str: 26    XL:     5   Next: 7%
Magic:  4/4        EV:  5    Int:  5    God:
Gold:   117        SH: 10    Dex: 10    Spells: 0 memorised, 4 levels left

rFire  . . .     SeeInvis .     a - +0 war axe
rCold  . . .     Gourm    .     n - +0 plate armour
rNeg   . . .     Faith    .     c - +0 shield
rPois  .         Spirit   .     (helmet restricted)
rElec  .         Dismiss  .     (no cloak)
rCorr  .         Reflect  .     (no gloves)
SustAt .         Harm     .     (no boots)
MR     .....                    (no amulet)
Stlth  ..........               (no ring)
                                (no ring)

@: mighty, slowed, very slow, not resistant to hostile enchantments, extremely
unstealthy
A: retaliatory headbutt, horns 2
a: no special abilities


You were on level 3 of the Dungeon.
You were not hungry.

You visited 1 branch of the dungeon, and saw 3 of its levels.

You collected 117 gold pieces.

Inventory:

Hand Weapons
 a - a +0 war axe (weapon)
Armour
 c - a +0 shield (worn)
 n - a +0 plate armour (worn)
Scrolls
 b - a scroll of teleportation {unknown}
 k - 2 scrolls of identify {unknown}
 l - a scroll of enchant weapon {unknown}
 m - 2 scrolls of enchant armour {unknown}
 o - 2 scrolls of recharging {unknown}
 p - 3 scrolls of magic mapping {unknown}
 q - a scroll of remove curse {unknown}
Potions
 d - a potion of might
 e - a potion of flight {unknown}
 g - a potion of brilliance {unknown}
 r - a potion of cure mutation {unknown}
Comestibles
 f - 2 bread rations
 h - a meat ration
 i - 4 chunks of flesh
 j - a beef jerky


   Skills:
 + Level 4.6 Fighting
 * Level 4.1 Axes
 + Level 4.7 Armour
 - Level 0.2 Dodging
 + Level 4.3 Shields


You had 4 spell levels left.
You didn't know any spells.

Dungeon Overview and Level Annotations

Branches:
Dungeon (3/15)

Altars:
The Shining One

Annotations:
D:3 Natasha


Innate Abilities, Weirdness & Mutations

You reflexively headbutt those who attack you in melee.
You have a pair of horns on your head.


Message History

Okay, then.
Unknown command.
You are too injured to fight recklessly!
Unknown command.
Unknown command.
You completely miss Natasha. Your headbutt misses Natasha.
Natasha is heavily wounded.
You barely miss the orc wizard.
The orc wizard is moderately wounded.
Your shield and plate armour prevent you from hitting the orc wizard.
The orc wizard is heavily wounded.
Your shield and plate armour prevent you from hitting the crimson imp.
The orc wizard hits you but does no damage.
The orc wizard barely misses you. The orc wizard casts a spell at you.
The puff of frost hits you!
* * * LOW HITPOINT WARNING * * *
The orc wizard gestures at you while chanting.
The puff of flame hits you!
You die...

.##...##.#####.# #.#
..#.####.......# #.# .. ..#.#
######### #.# #... ..#.# #.##
#... ....######## #[)# #...
.#####.....########.#######...###
.#####....)..........#...........
...........†##..#h...............
.####.......##.5@o...............
.####.).....(...o5#..#.##.#...#.#
...##.##.#####...##..#.##.#...#.#
##.##.##.#####.......#.##.#...#..
......##.......#..####.##.......#
##.###....######..####.##......)#
#.....##.######.......##.##.)...
########.........#..........##.#
###########.##.##.##.##.#


You could see 2 orc wizards, Natasha and 2 crimson imps.

Vanquished Creatures
  Ijyb (D:3)
  Natasha (twice) (D:3)
  An adder (D:2)
  2 oozes
  2 worms (D:2)
  A dart slug (D:1)
  3 giant geckos
  4 orcs (D:3)
  2 giant cockroaches (D:2)
  5 goblins
  2 hobgoblins
  6 kobolds
  2 quokkas (D:3)
  2 bats
  2 giant newts (D:1)
  5 rats
42 creatures vanquished.

Notes
Turn   | Place    | Note
--------------------------------------------------------------
     0 | D:1      | protoss039 the Minotaur Fighter began the quest for the Orb.
     0 | D:1      | Reached XP level 1. HP: 19/19 MP: 0/0
   243 | D:1      | Reached XP level 2. HP: 25/27 MP: 1/1
   856 | D:2      | Reached XP level 3. HP: 33/33 MP: 2/2
  1052 | D:2      | Found a glowing golden altar of the Shining One.
  1500 | D:3      | Noticed Natasha
  1507 | D:3      | Killed Natasha
  1507 | D:3      | Reached XP level 4. HP: 21/41 MP: 3/3
  1570 | D:3      | Noticed Natasha
  1607 | D:3      | Killed Natasha
  1831 | D:3      | Noticed Ijyb
  1848 | D:3      | Killed Ijyb
  1848 | D:3      | Reached XP level 5. HP: 44/47 MP: 4/4
  1921 | D:3      | Noticed Natasha
  1930 | D:3      | Killed from afar by an orc wizard

Skill      XL: |  1  2  3  4 |
---------------+-------------+-----
Armour         | 4 |  4.7
Fighting       | 4 |  4.6
Axes           | 3 4 |  4.1
Shields        | 4 |  4.3
Dodging        | |  0.2

Action                   |  1- 3 |  4- 6 || total
-------------------------+-------+-------++-------
Melee: War axe           |    64 |    47 ||   111
       Headbutt          |    10 |     7 ||    17
  Use: Potion            |       |     1 ||     1
  Eat: Chunk             |     2 |     1 ||     3
Armor: Scale mail        |     9 |       ||     9
       Plate armour      |    25 |    38 ||    63
Dodge: Dodged            |    14 |    12 ||    26
Block: Shield            |    28 |    35 ||    63
